 Dungeon Crawl Stone Soup version 0.28.0-53-g5a82cb258f (console) character file.

Game seed: 12477917953637606994

23907 Banquo the Arsonist (level 13, -2/81 HPs)
             Began as an Octopode Fire Elementalist on July 29, 2022.
             Was an Elder of Vehumet.
             Slain by a four-headed hydra (6 damage)
             ... on level 4 of the Lair of Beasts.
             The game lasted 01:25:24 (20353 turns).

Banquo the Arsonist (Octopode Fire Elementalist)   Turns: 20353, Time: 01:25:24

Health: -2/81      AC:  1    Str:  7    XL:     13   Next: 9%
Magic:  29/36      EV: 31    Int: 28    God:    Vehumet [****..]
Gold:   412        SH:  0    Dex: 13    Spells: 6/32 levels left

rFire   . . .      SeeInvis .   a - +7 dagger of Kakuep {speed, MP+9}
rCold   . . .      Faith    .   (no shield)
rNeg    . . .      Spirit   .   (helmet restricted)
rPois   .          Reflect  .   t - amulet of the acrobat
rElec   .          Harm     .   E - ring of willpower
rCorr   .          Rampage  .   L - +6 ring of intelligence
Will    ++...                   O - ring of willpower
Stlth   ++++......              (no ring)
HPRegen 0.23/turn               (no ring)
MPRegen 0.25/turn               (no ring)
                                (no ring)
                                (no ring)

@: acrobatic
A: almost no armour, amphibious, 8 rings, camouflage 1, gelatinous body 1,
(nimble swimmer 1), tentacles
a: Renounce Religion


You were on level 4 of the Lair of Beasts.
You worshipped Vehumet.
Vehumet was greatly pleased with you.
You visited 2 branches of the dungeon, and saw 13 of its levels.

You collected 664 gold pieces.
You spent 252 gold pieces at shops.

Inventory:

Hand Weapons
 a - the +7 dagger of Kakuep (weapon) {speed, MP+9}
   (You took it off a kobold on level 2 of the Dungeon)

   Attacks with this weapon are significantly faster.
   MP:        It affects your magic capacity (+9).
 d - a +0 rapier
 h - the +2 dagger of Doom {freeze, rCorr MP+9}
   (You found it on level 9 of the Dungeon)

   It freezes those it strikes, dealing additional cold damage.
   It can also slow down cold-blooded creatures.
   MP:        It affects your magic capacity (+9).
   rCorr:     It protects you from acid and corrosion.
 q - a +1 spear of venom
 u - a +0 whip of electrocution
 K - a +6 dagger of speed
 M - a +2 long sword of freezing
 N - the +9 scimitar of the Thirteen Friends {elec, Fly}
   (You found it on level 4 of the Lair of Beasts)

   It occasionally discharges a powerful burst of electricity upon striking a
   foe.
   Fly:       It grants you flight.
Missiles
 w - 4 poisoned darts
 B - a throwing net
 I - 7 boomerangs
Armour
 z - an orb of energy
Magical Staves
 b - a staff of conjuration
Jewellery
 i - a ring of ice
 j - a ring of ice
 t - an amulet of the acrobat (around mantle)
 E - a ring of willpower (left tentacle)
 L - a +6 ring of intelligence (right tentacle)
 O - a ring of willpower (on tentacle)
 Q - an amulet of regeneration
Wands
 n - a wand of digging (17)
 o - a wand of acid (19)
 C - a wand of flame (49)
Scrolls
 c - 9 scrolls of teleportation
 g - a scroll of amnesia
 l - 2 scrolls of fog
 m - 5 scrolls of magic mapping
 p - 5 scrolls of enchant armour
 r - a scroll of identify
 s - 2 scrolls of enchant weapon
 G - 3 scrolls of blinking
 H - 2 scrolls of fear
Potions
 e - 6 potions of heal wounds
 f - a potion of flight
 k - 9 potions of curing
 v - a potion of mutation
 x - a potion of magic
 A - 3 potions of haste
 D - 3 potions of resistance
 F - 4 potions of lignification
 J - a potion of might
 P - a potion of cancellation
Miscellaneous
 y - a box of beasts


   Skills:
 * Level 4.6 Fighting
 * Level 4.5 Short Blades
 * Level 8.1 Dodging
 + Level 5.4 Stealth
 + Level 10.2 Spellcasting
 * Level 9.4 Conjurations
 * Level 12.6 Fire Magic
 * Level 2.7 Earth Magic


You had 6 spell levels left.
You knew the following spells:

 Your Spells              Type           Power      Damage    Failure   Level
a - Shock                 Conj/Air       100%       1d9       1%          1
b - Scorch                Fire           100%       2d10      1%          2
c - Stone Arrow           Conj/Erth      96%        3d13      1%          3
d - Dazzling Flash        Conj/Hex       80%        N/A       1%          3
f - Conjure Flame         Conj/Fire      66%        6-21      1%          3
l - Lee's Rapid Deconstr  Erth           14%        3d10*     10%         5
s - Sticky Flame          Conj/Fire      66%        2d8       1%          4
w - Flame Wave            Conj/Fire      66%        2d12      1%          4
z - Foxfire               Conj/Fire      100%       2x1d9     1%          1

Your spell library contained the following spells:

 Spells                   Type           Power      Damage    Failure   Level
 Static Discharge         Conj/Air       40%        N/A       1%          2
 Ignite Poison            Fire/Tmut/Pois 37%        N/A       1%          3
 Inner Flame              Hex/Fire       49%        N/A       1%          3
 Frozen Ramparts          Ice            28%        1d4       3%          3
 Slow                     Hex            56%        N/A       4%          1
 Gell's Gravitas          Tloc           14%        N/A       12%         3
 Teleport Other           Tloc           14%        N/A       12%         3
 Dispel Undead            Necr           14%        3d10      36%         4
 Ice Form                 Ice/Tmut       14%        N/A       36%         4
 Passage of Golubria      Tloc           14%        N/A       36%         4
 Summon Ice Beast         Ice/Summ       14%        N/A       36%         4
 Silence                  Hex/Air        7%         N/A       73%         5
 Dispersal                Tloc           7%         N/A       99%         6
 Lehudib's Crystal Spear  Conj/Erth      24%        10d7      99%         8
 Enfeeble                 Hex            7%         N/A       100%        7
 Dragon's Call            Summ           7%         N/A       100%        9


Dungeon Overview and Level Annotations

Branches:
Dungeon (9/15)             Temple (0/1) D:7            Lair (4/6) D:9
  Snake (0/4) Lair:2
  Swamp: Lair:2-4    Shoals: Lair:2-4       Orc: D:9-12

Altars:
Ashenzari
Gozag
Kikubaaqudgha
Qazlal
Ru
Uskayaw
Vehumet
Wu Jian
Xom
The Shining One

Shops:
D:6 *   D:7 *

Annotations:
D:9 3 runed translucent doors, Exodus22XD's ghost, novice DsGl
Lair:2 1 runed translucent door, Qrupt's ghost, adept OpVM
Lair:4 Nessos; Rupert


Innate Abilities, Weirdness & Mutations

You cannot wear most types of armour.
You are amphibious.
You can wear up to eight rings at the same time.
Your skin changes colour to match your surroundings (Stealth+).
Your rubbery body absorbs attacks. (AC +1, EV +1)
((You are camouflaged when in or above water. (Stealth+)))
You have tentacles for arms and can constrict up to eight enemies at once.


Message History

Press: ? - help, Shift-Dir - straight line, f - eight-headed hydra
Aim: an eight-headed hydra (92% to hit)
The stone arrow hits the eight-headed hydra!!
The eight-headed hydra is moderately wounded.
Unknown command.
Casting: Scorch (safe; 1% risk of failure)
Press: ? - help, Q - select action, (/) - cycle Dir - look around, f - activate Flames lash the eight-headed hydra.
The eight-headed hydra is heavily wounded.
The eight-headed hydra's fire resistance burns away.
Unknown command.
Casting: Scorch (safe; 1% risk of failure)
Confirm with . or Enter, or press ? or * to list all spells.
Casting: Flame Wave (safe; 1% risk of failure)
Press: ? - help, Dir - look around, f - activate A wave of flame ripples out!
The flame wave engulfs the eight-headed hydra!!
The eight-headed hydra is burned terribly!
The eight-headed hydra is severely wounded.
The tree burns like a torch! (Press . to intensify the flame waves.)
The eight-headed hydra is engulfed in blazing flames.
The eight-headed hydra bites you! x3
The eight-headed hydra closely misses you. x2
The eight-headed hydra bites you!
* * * LOW HITPOINT WARNING * * *
The eight-headed hydra bites you!
* * * LOW HITPOINT WARNING * * *
The eight-headed hydra barely misses you.
Unknown command.
The eight-headed hydra is engulfed in blazing flames.
You kill the eight-headed hydra!
Vehumet accepts your kill.
You feel your power returning.
The four-headed hydra is engulfed in a forest fire.
The forest fire spreads!
The forest fire spreads!
The four-headed hydra completely misses you.
The four-headed hydra bites you.
You die...

##............# ##..###..
#.........#...# #........
#....#.#....## #........
#...#.###..#.#####........
#....####.....#...........
##....##.#.................
#..........................
###
##.............###.........
###.# ##...#.###@..###
##........ .#..#
#.....####.D..# ##.......
...###.#....# #.....###
##....#. ...# ###...##
#.#.#.#.# ####.#P ...#
#....# ###....############
#<.# #..†## ###...##..#.#
...# #....# ##...§§...#
...## #.#.†.##
##....°°§...♣♣♣♣♣♣ .#..#
###....##.#...#♣.♣...≈≈≈≈≈≈


You could see a four-headed hydra.

Vanquished Creatures
  Snorg (Lair:4)
  Harold (Lair:2)
  3 hydras
  A two-headed ogre (D:9)
  Nergalle (Lair:2)
  4 black mambas
  5 elephants (Lair:3)
  6 cane toads
  A komodo dragon (Lair:4)
  An unseen horror (D:7)
  A rime drake (Lair:3)
  A polar bear (Lair:3)
  5 blink frogs (Lair:2)
  6 dream sheep (Lair:3)
  A shadow (D:6)
  19 yaks
  A human (D:9)
  4 hogs (D:9)
  3 basilisks
  6 wyverns
  A steam dragon (D:7)
  3 nagas (Lair:2)
  An acid dragon (D:9)
  13 water moccasins
  A sky beast (D:5)
  4 black bears
  2 ice beasts (D:7)
  3 necrophages
  3 ogres
  15 wolves
  3 centaurs
  9 bullfrogs
  A wyvern zombie (D:7)
  2 scorpions
  6 killer bees (D:8)
  7 wights
  5 howler monkeys
  3 centaur zombies
  4 jellies
  7 hounds
  2 centaur skeletons
  A gnoll shaman (D:8)
  An orc priest (D:9)
  A bullfrog skeleton (D:6)
  Ijyb (D:5)
  5 iguanas
  4 orc wizards
  2 hound skeletons (D:4)
  A hound zombie (D:5)
  10 gnolls
  10 adders
  A shadow imp (D:6)
  2 white imps
  A worm (D:2)
  5 dart slugs
  9 orcs
  5 bats
  5 endoplasms
  7 giant cockroaches
  6 goblins
  11 hobgoblins
  A jackal (D:2)
  6 kobolds
  4 quokkas
  5 ball pythons
  4 frilled lizards
  3 rats
  2 bushes
279 creatures vanquished.

Vanquished Creatures (collateral kills)
  6 foxfires
6 creatures vanquished.

Vanquished Creatures (others)
  915 foxfires
  31 fungi
  39 plants
985 creatures vanquished.

Grand Total: 1270 creatures vanquished

Notes
Turn   | Place    | Note
-------+----------+-------------------------------------------
     0 | D:1      | Banquo the Octopode Fire Elementalist began the quest for
                  | the Orb.
     0 | D:1      | Reached XP level 1. HP: 11/11 MP: 3/3
   314 | D:1      | Found a faded altar of an unknown god.
   319 | D:1      | Reached XP level 2. HP: 17/17 MP: 1/5
   322 | D:1      | Learned a level 2 spell: Scorch
   933 | D:1      | Reached XP level 3. HP: 21/21 MP: 2/6
  2013 | D:2      | Reached XP level 4. HP: 27/27 MP: 4/7
  2392 | D:2      | Reached skill level 4 in Fire Magic
  2545 | D:2      | Identified the +7 dagger of Kakuep {speed, MP+9}
  2638 | D:2      | Learned a level 3 spell: Conjure Flame
  3017 | D:3      | Reached XP level 5. HP: 32/32 MP: 9/9
  3184 | D:3      | Reached skill level 1 in Short Blades
  3674 | D:3      | Found an ornate altar of the Wu Jian Council.
  4299 | D:4      | Reached skill level 1 in Fighting
  4338 | D:4      | Noticed an ogre
  4495 | D:4      | Found a radiant altar of Vehumet.
  4495 | D:4      | Found a sacrificial altar of Ru.
  4495 | D:4      | Found a stormy altar of Qazlal.
  4509 | D:4      | Became a worshipper of Vehumet
  4526 | D:4      | Noticed a necrophage
  4531 | D:4      | Reached XP level 6. HP: 28/38 MP: 10/10
  5133 | D:4      | Killed a necrophage
  5134 | D:4      | Reached XP level 7. HP: 44/44 MP: 5/12
  5377 | D:4      | Reached skill level 5 in Fire Magic
  6071 | D:4      | Found a radiant altar of Vehumet.
  6071 | D:4      | Found a stormy altar of Qazlal.
  6072 | D:4      | Found a sacrificial altar of Ru.
  6421 | D:5      | Entered Level 5 of the Dungeon
  6857 | D:5      | Reached XP level 8. HP: 50/50 MP: 14/14
  7092 | D:5      | Noticed Ijyb
  7096 | D:5      | Killed Ijyb
  7135 | D:5      | Reached * piety under Vehumet
  7135 | D:5      | Offered knowledge of Freeze by Vehumet.
  7291 | D:5      | Learned a level 4 spell: Flame Wave
  7500 | D:6      | Reached skill level 5 in Spellcasting
  7599 | D:6      | Reached skill level 6 in Fire Magic
  7707 | D:6      | Noticed a shadow
  7712 | D:6      | Killed a shadow
  7823 | D:6      | Found Ahifurgh's Assorted Antiques.
  8128 | D:6      | Reached XP level 9. HP: 54/54 MP: 17/17
  8163 | D:6      | Reached skill level 7 in Fire Magic
  8413 | D:6      | Bought a glowing ruby ring for 120 gold pieces
  8590 | D:7      | Found a staircase to the Ecumenical Temple.
  8620 | D:7      | Killed an unseen horror
  8740 | D:7      | Reached skill level 5 in Conjurations
  8917 | D:7      | Offered knowledge of Shock by Vehumet.
  8920 | D:7      | Learned a level 1 spell: Shock
  9051 | D:7      | Found Buobi's General Store.
  9059 | D:7      | Bought a scroll of blinking for 90 gold pieces
  9059 | D:7      | Bought a scroll of amnesia for 42 gold pieces
  9248 | D:7      | Learned a level 4 spell: Sticky Flame
  9538 | D:8      | Reached ** piety under Vehumet
  9550 | D:8      | Reached skill level 8 in Fire Magic
  9631 | D:7      | HP: 2/54 [poisoned by a killer bee]
  9950 | D:8      | Reached skill level 5 in Dodging
  9950 | D:8      | Reached XP level 10. HP: 60/60 MP: 20/20
 10039 | D:8      | Found a glowing golden altar of the Shining One.
 10039 | D:8      | Found a hide-covered altar of Uskayaw.
 10757 | D:8      | Found a broken altar of Ashenzari.
 10760 | D:8      | Found an ancient bone altar of Kikubaaqudgha.
 10761 | D:8      | Found a shimmering altar of Xom.
 10762 | D:8      | Found an opulent altar of Gozag.
 11523 | D:9      | Got the Volume of the Slorg
 11712 | D:9      | Noticed a two-headed ogre
 11721 | D:9      | Killed a two-headed ogre
 11722 | D:9      | Reached skill level 9 in Fire Magic
 11810 | D:9      | Found a runed translucent gate.
 11902 | D:9      | Found a staircase to the Lair.
 11945 | D:9      | Offered knowledge of Dazzling Flash by Vehumet.
 12201 | D:9      | Found a runed translucent gate.
 12213 | D:9      | Identified the +2 dagger of Doom {freeze, rCorr MP+9}
 12488 | D:9      | Found a runed translucent gate.
 12489 | D:9      | Noticed Exodus22XD's ghost (novice DsGl)
 12846 | D:9      | Reached skill level 10 in Fire Magic
 12850 | D:9      | Reached XP level 11. HP: 61/64 MP: 23/23
 13204 | Lair:1   | Entered Level 1 of the Lair of Beasts
 13306 | Lair:1   | Reached skill level 5 in Stealth
 14205 | Lair:2   | Reached *** piety under Vehumet
 14231 | Lair:2   | HP: 1/64 [wyvern (11)]
 14590 | Lair:2   | Noticed Nergalle
 14670 | Lair:2   | Noticed Harold
 14681 | Lair:2   | Killed Harold
 15026 | Lair:2   | Reached skill level 11 in Fire Magic
 15467 | Lair:2   | Found a runed translucent door.
 15468 | Lair:2   | Noticed Qrupt's ghost (adept OpVM)
 15468 | Lair:2   | Found the +3 crown of Dyrovepreva {rElec Int+2 SInv}
 15478 | Lair:2   | Found a staircase to the Snake Pit.
 15535 | Lair:2   | Killed Nergalle
 16217 | Lair:2   | Learned a level 3 spell: Dazzling Flash
 16233 | Lair:3   | Reached XP level 12. HP: 46/72 MP: 15/25
 16836 | Lair:3   | Offered knowledge of Stone Arrow by Vehumet.
 16843 | Lair:3   | Learned a level 3 spell: Stone Arrow
 17219 | Lair:3   | Noticed a four-headed hydra
 17225 | Lair:3   | Killed a four-headed hydra
 17282 | Lair:3   | Reached skill level 1 in Earth Magic
 18011 | Lair:3   | Reached skill level 12 in Fire Magic
 19004 | Lair:4   | Identified the +9 scimitar of the Thirteen Friends {elec,
                  | Fly}
 19038 | Lair:4   | Noticed Rupert
 19059 | Lair:4   | Noticed Snorg
 19072 | Lair:4   | Killed Snorg
 19160 | Lair:4   | Reached **** piety under Vehumet
 19417 | Lair:4   | Reached skill level 10 in Spellcasting
 19518 | Lair:4   | Offered knowledge of Lee's Rapid Deconstruction by Vehumet.
 19520 | Lair:4   | Noticed Nessos
 19561 | Lair:3   | Learned a level 5 spell: Lee's Rapid Deconstruction
 20044 | Lair:4   | Noticed a seven-headed hydra
 20050 | Lair:4   | Killed a seven-headed hydra
 20131 | Lair:4   | Reached XP level 13. HP: 81/81 MP: 27/27
 20345 | Lair:4   | HP: 2/81 [eight-headed hydra (17)]
 20353 | Lair:4   | Slain by a four-headed hydra

Illustrated notes

Levels and vault maps discovered:
D:1:      matt_arrival_los_fun, layout_basic,
          shapermc_ecumenical_altar_mp_highgroup
D:2:      minmay_angry_zag, layout_basic, minivault_5
D:3:      layout_loops_corners, nzn_wu_jian_council_hall
D:4:      layout_basic, gammafunk_temple_overflow_claw
D:5:      layout_basic, uniq_ijyb
D:6:      layout_cave_pools, serial_shops, shop_statue, dk_vineyard_2
D:7:      layout_cave_pools, minmay_temple_entry_stoned_glass, serial_shops,
          shop_fountains, minmay_statues_item
D:8:      layout_basic, mainiacjoe_overflow_alcove_3,
          gammafunk_temple_overflow_wave, kennysheep_small_circle
D:9:      layout_layer_cave, minmay_lair_entry_grove, gammafunk_ghost_spectres,
          grunt_livestock, corexii_hall_statues_u
Lair:1:   layout_cave_shapes
Lair:2:   layout_layer_cave, minmay_snake_entry_guardpost_small,
          ebering_ghost_reflecting_pool, uniq_nergalle, uniq_harold
Lair:3:   layout_chaotic_city
Lair:4:   layout_concentric_octagons, palyth_hydra_swamp_entry,
          grunt_megastairs_1, uniq_rupert, uniq_snorg, uniq_nessos

Skill      XL: |  1  2  3  4  5  6  7  8  9 10 11 12 |
---------------+-------------------------------------+-----
Fire Magic     | 4 5 6 8 10 11 12 | 12.6
Stealth        | 3 4 5 |  5.4
Conjurations   | 2 3 4 5 6 8 9 |  9.4
Short Blades   | 1 2 4 |  4.5
Spellcasting   | 3 4 5 7 8 9 10 | 10.2
Fighting       | 1 2 3 4 |  4.6
Dodging        | 3 5 6 7 8 |  8.1
Earth Magic    | 2 |  2.7

Action                   |  1- 3 |  4- 6 |  7- 9 | 10-12 | 13-15 || total
-------------------------+-------+-------+-------+-------+-------++-------
Melee: Unarmed           |     4 |       |       |       |       ||     4
       Constrict         |     2 |     5 |     2 |       |       ||     9
       Tentacles         |     1 |     4 |       |     1 |       ||     6
       Staff             |     1 |       |       |       |       ||     1
       Short sword       |       |    20 |       |       |       ||    20
       Dagger            |       |     7 |     3 |     8 |       ||    18
       Punch             |       |       |       |     1 |       ||     1
 Cast: Foxfire           |    53 |    47 |   179 |   256 |     1 ||   536
       Scorch            |     5 |    34 |    52 |   118 |     5 ||   214
       Conjure Flame     |       |     4 |     1 |     7 |     1 ||    13
       Sticky Flame      |       |       |     3 |    40 |     6 ||    49
       Flame Wave        |       |       |     1 |    18 |     1 ||    20
       Stone Arrow       |       |       |       |    18 |     1 ||    19
       Dazzling Flash    |       |       |       |     3 |       ||     3
  Use: Scroll            |       |     2 |     6 |    12 |       ||    20
       Potion            |       |     1 |       |     1 |       ||     2
 Stab: Sleeping          |       |     6 |     2 |     5 |       ||    13
Armor: Skin              |     2 |     3 |       |     1 |       ||     6
Dodge: Dodged            |     5 |    34 |    20 |    97 |     9 ||   165
